TOP OF THE 1ST |
Bay City Bombers batting - Pitching for Athletic Club KC Reserves : RHP Joe King
|
Pitching: RHP Joe King
|
|
Batting: LHB Jim Unknown
|
0-0: Ball 1-0: Called Strike 1-1: Foul Ball, location: 2F 1-2: DOUBLE (Flyball, 78M)
|
Batting: LHB Bastyão Lizardo
|
0-0: Swinging Strike 0-1: Ball 1-1: Ball 2-1: DOUBLE (Line Drive, 89S) Jim Unknown scores
|
Batting: LHB Mito Rin
|
0-0: 2-RUN HOME RUN (Line Drive, 89XD), Distance : 381 ft
|
Batting: LHB Jim Unknown
|
0-0: Fly out, F6 (Popup, 6D)
|
Batting: RHB Luis Díaz
|
0-0: Called Strike 0-1: Ball 1-1: Ball 2-1: SINGLE (Line Drive, 4M)
|
Batting: RHB Jim Unknown
|
0-0: Called Strike 0-1: Swinging Strike 0-2: Ball 1-2: Ball 2-2: Ball 3-2: Strikes out looking
|
Batting: RHB Millard Watson
|
0-0: Called Strike 0-1: Ball 1-1: Ball 2-1: TRIPLE (Line Drive, 8RM) Luis Díaz scores
|
Batting: RHB Barry Martínez
|
0-0: Ground out 6-3 (Groundball, 6M)
|
Top of the 1st over - 4 run(s), 5 hit(s), 0 error(s), 1 left on base; Bay City 4 - Athletic Club KC 0 |
BOTTOM OF THE 1ST |
Athletic Club KC Reserves batting - Pitching for Bay City Bombers : LHP Jim Unknown
|
Pitching: LHP Jim Unknown
|
|
Batting: RHB Javier Díaz
|
0-0: Fly out, F7 (Flyball, 7D)
|
Batting: RHB Jason Dunn
|
0-0: Ball 1-0: Ball 2-0: Foul Ball, location: 2F 2-1: SINGLE (Line Drive, 7S)
|
Batting: RHB Bill Dennis
|
0-0: Reached on error, E5 (Groundball, 56) Jason Dunn to second
|
Batting: RHB Nick Simmons
|
0-0: Called Strike 0-1: Ball 1-1: Called Strike 1-2: Ball 2-2: Fly out, F9 (Flyball, 89M)
|
Batting: LHB Rafael García
|
0-0: Ball 1-0: Swinging Strike 1-1: Foul Ball, location: 2F 1-2: Strikes out looking
|
Bottom of the 1st over - 0 run(s), 1 hit(s), 1 error(s), 2 left on base; Bay City 4 - Athletic Club KC 0 |
TOP OF THE 2ND |
Bay City Bombers batting - Pitching for Athletic Club KC Reserves : RHP Joe King
|
Batting: RHB Aaron Phillips
|
0-0: Ball 1-0: Ball 2-0: Called Strike 2-1: SINGLE (Groundball, 56D)
|
Batting: LHB Jim Unknown
|
0-0: Ball 1-0: Called Strike 1-1: Ball 2-1: Foul Ball, location: 2F 2-2: DOUBLE (Line Drive, 7LM) Aaron Phillips to third
|
Batting: LHB Bastyão Lizardo
|
0-0: Foul Ball, location: 2F 0-1: Ball 1-1: Ball 2-1: Ball 3-1: Ground out U3 (Groundball, 3)
|
Batting: LHB Mito Rin
|
0-0: Foul Ball, location: 2F 0-1: Ball 1-1: Fly out, F1 (Line Drive, 13)
|
Batting: LHB Jim Unknown
|
0-0: Called Strike 0-1: Called Strike 0-2: Ball 1-2: Ball 2-2: Ball 3-2: Foul Ball, location: 2F 3-2: SINGLE (Line Drive, 6D) Aaron Phillips scores Jim Unknown to third Jim Unknown scores
|
Batting: RHB Luis Díaz
|
0-0: Called Strike 0-1: Ball Jim Unknown steals 2nd base 1-1: Ball 2-1: Ball 3-1: Base on Balls
|
Batting: RHB Jim Unknown
|
0-0: Foul Ball, location: 2F 0-1: Ball 1-1: Swinging Strike 1-2: SINGLE (Line Drive, 56) Jim Unknown to third Luis Díaz to second
|
Batting: RHB Millard Watson
|
0-0: Swinging Strike 0-1: Ball 1-1: Foul Ball, location: 2F 1-2: Foul Ball, location: 2F 1-2: Ball 2-2: Strikes out swinging
|
Top of the 2nd over - 2 run(s), 4 hit(s), 0 error(s), 3 left on base; Bay City 6 - Athletic Club KC 0 |
BOTTOM OF THE 2ND |
Athletic Club KC Reserves batting - Pitching for Bay City Bombers : LHP Jim Unknown
|
Batting: RHB Robert Hill
|
0-0: Ball 1-0: Called Strike 1-1: Ball 2-1: SINGLE (Groundball, 6MD)
|
Batting: RHB Eddie O'Bryan
|
0-0: Swinging Strike 0-1: Called Strike 0-2: Ball 1-2: Strikes out swinging
|
Batting: RHB Adam Hennessey
|
0-0: Fielders Choice at 2nd, 6-4 (Groundball, 6)
|
Batting: RHB Allen Murphy
|
0-0: Called Strike 0-1: Ball 1-1: Called Strike 1-2: Ball 2-2: Foul Ball, location: 2F 2-2: Strikes out swinging
|
Bottom of the 2nd over - 0 run(s), 1 hit(s), 0 error(s), 1 left on base; Bay City 6 - Athletic Club KC 0 |
TOP OF THE 3RD |
Bay City Bombers batting - Pitching for Athletic Club KC Reserves : RHP Joe King
|
Batting: RHB Barry Martínez
|
0-0: Ball 1-0: Foul Ball, location: 2F 1-1: Foul Ball, location: 2F 1-2: Strikes out swinging
|
Batting: RHB Aaron Phillips
|
0-0: Called Strike 0-1: Ball 1-1: Foul Ball, location: 2F 1-2: Ball 2-2: Ground out 6-3 (Groundball, 6)
|
Batting: LHB Jim Unknown
|
0-0: Ball 1-0: Fly out, F7 (Flyball, 7LMF)
|
Top of the 3rd over - 0 run(s), 0 hit(s), 0 error(s), 0 left on base; Bay City 6 - Athletic Club KC 0 |
BOTTOM OF THE 3RD |
Athletic Club KC Reserves batting - Pitching for Bay City Bombers : LHP Jim Unknown
|
Batting: RHB Javier Díaz
|
0-0: Ball 1-0: Fly out, F7 (Line Drive, 7LS)
|
Batting: RHB Jason Dunn
|
0-0: Called Strike 0-1: Foul Ball, location: 2F 0-2: Ball 1-2: Ball 2-2: Ball 3-2: Ground out 4-3 (Groundball, 4)
|
Batting: RHB Bill Dennis
|
0-0: Ball 1-0: Ball 2-0: Foul Ball, location: 2F 2-1: SINGLE (Groundball, 56)
|
Batting: RHB Nick Simmons
|
0-0: Called Strike 0-1: Foul Ball, location: 2F 0-2: Ball Bill Dennis steals 2nd base 1-2: Foul Ball, location: 2F 1-2: Ball 2-2: Ball 3-2: Foul Ball, location: 2F 3-2: Foul Ball, location: 2F 3-2: Base on Balls
|
Batting: LHB Rafael García
|
0-0: Ball 1-0: Ball 2-0: Foul Ball, location: 2F 2-1: Ball 3-1: Foul Ball, location: 2F 3-2: Fly out, F9 (Flyball, 89S)
|
Bottom of the 3rd over - 0 run(s), 1 hit(s), 0 error(s), 2 left on base; Bay City 6 - Athletic Club KC 0 |
TOP OF THE 4TH |
Bay City Bombers batting - Pitching for Athletic Club KC Reserves : RHP Joe King
|
Pitching: RHP Carlos Fuentes
|
|
Batting: LHB Bastyão Lizardo
|
0-0: Ball 1-0: Foul Ball, location: 2F 1-1: Ball 2-1: TRIPLE (Line Drive, 8RS)
|
Batting: LHB Mito Rin
|
0-0: Foul Ball, location: 2F 0-1: Ball 1-1: Fly out, F7 (Line Drive, 7M) Runner from 3rd tags up, SCORES, throw made
|
Batting: LHB Jim Unknown
|
0-0: Ball 1-0: Called Strike 1-1: Ball 2-1: Ground out 4-3 (Groundball, 4)
|
Batting: RHB Luis Díaz
|
0-0: Ball 1-0: Swinging Strike 1-1: Foul Ball, location: 2F 1-2: Ball 2-2: Fly out, F9 (Popup, 3D)
|
Top of the 4th over - 1 run(s), 1 hit(s), 0 error(s), 0 left on base; Bay City 7 - Athletic Club KC 0 |
BOTTOM OF THE 4TH |
Athletic Club KC Reserves batting - Pitching for Bay City Bombers : LHP Jim Unknown
|
Batting: RHB Robert Hill
|
0-0: Ball 1-0: Swinging Strike 1-1: Ball 2-1: Foul Ball, location: 2F 2-2: DOUBLE (Groundball, 5L)
|
Batting: RHB Eddie O'Bryan
|
0-0: Called Strike 0-1: Foul Ball, location: 2F 0-2: Ground out 4-3 (Groundball, 34) Robert Hill to third
|
Batting: RHB Adam Hennessey
|
0-0: Ball 1-0: SINGLE (Line Drive, 5D) Robert Hill scores
|
Batting: RHB Allen Murphy
|
0-0: Ball 1-0: Ball 2-0: Grounds into double play, 6-4-3 (Groundball, 6)
|
Bottom of the 4th over - 1 run(s), 2 hit(s), 0 error(s), 0 left on base; Bay City 7 - Athletic Club KC 1 |
TOP OF THE 5TH |
Bay City Bombers batting - Pitching for Athletic Club KC Reserves : RHP Carlos Fuentes
|
Batting: RHB Jim Unknown
|
0-0: Foul Ball, location: 2F 0-1: Ball 1-1: Ball 2-1: Foul Ball, location: 2F 2-2: Strikes out looking
|
Batting: RHB Millard Watson
|
0-0: Called Strike 0-1: Swinging Strike 0-2: Ball 1-2: Foul Ball, location: 2F 1-2: Strikes out swinging
|
Batting: RHB Barry Martínez
|
0-0: Ball 1-0: Ball 2-0: Ball 3-0: Called Strike 3-1: Ground out 6-3 (Groundball, 6)
|
Top of the 5th over - 0 run(s), 0 hit(s), 0 error(s), 0 left on base; Bay City 7 - Athletic Club KC 1 |
BOTTOM OF THE 5TH |
Athletic Club KC Reserves batting - Pitching for Bay City Bombers : LHP Jim Unknown
|
Batting: RHB Javier Díaz
|
0-0: Ball 1-0: Swinging Strike 1-1: Ball 2-1: Foul Ball, location: 2F 2-2: Foul Ball, location: 2F 2-2: Ball 3-2: SINGLE (Flyball, 8RM)
|
Batting: RHB Jason Dunn
|
0-0: Ball 1-0: Ground out 5-3 (Groundball, 5S) Javier Díaz to second
|
Batting: RHB Bill Dennis
|
0-0: Called Strike 0-1: Fly out, F7 (Flyball, 7D) Runner from 2nd tags up, SAFE at 3rd, no throw
|
Batting: RHB Nick Simmons
|
0-0: Foul Ball, location: 2F 0-1: Ball 1-1: Ball 2-1: Swinging Strike 2-2: Fly out, F4 (Popup, 4MD)
|
Bottom of the 5th over - 0 run(s), 1 hit(s), 0 error(s), 1 left on base; Bay City 7 - Athletic Club KC 1 |
TOP OF THE 6TH |
Bay City Bombers batting - Pitching for Athletic Club KC Reserves : RHP Carlos Fuentes
|
Batting: RHB Aaron Phillips
|
0-0: Ball 1-0: Ball 2-0: Ball 3-0: Base on Balls
|
Batting: LHB Jim Unknown
|
0-0: Sac Bunt - play at first, batter OUT! 5-3 Aaron Phillips to second
|
Batting: LHB Bastyão Lizardo
|
0-0: SINGLE (Flyball, 78S) Aaron Phillips to third
|
Batting: LHB Mito Rin
|
0-0: Grounds into double play, 2-6-3 (Groundball, 2L)
|
Top of the 6th over - 0 run(s), 1 hit(s), 0 error(s), 1 left on base; Bay City 7 - Athletic Club KC 1 |
BOTTOM OF THE 6TH |
Athletic Club KC Reserves batting - Pitching for Bay City Bombers : LHP Jim Unknown
|
Batting: LHB Rafael García
|
0-0: Called Strike 0-1: Called Strike 0-2: Strikes out swinging
|
Batting: RHB Robert Hill
|
0-0: Ball 1-0: Ball 2-0: Foul Ball, location: 2F 2-1: SOLO HOME RUN (Flyball, 7D), Distance : 347 ft
|
Batting: RHB Eddie O'Bryan
|
0-0: Ball 1-0: Foul Ball, location: 2F 1-1: Ground out 6-3 (Groundball, 6)
|
Batting: RHB Adam Hennessey
|
0-0: Called Strike 0-1: Called Strike 0-2: Ball 1-2: Strikes out looking
|
Bottom of the 6th over - 1 run(s), 1 hit(s), 0 error(s), 0 left on base; Bay City 7 - Athletic Club KC 2 |
TOP OF THE 7TH |
Bay City Bombers batting - Pitching for Athletic Club KC Reserves : RHP Carlos Fuentes
|
Batting: LHB Jim Unknown
|
0-0: Ball 1-0: Ball 2-0: Called Strike 2-1: Ball 3-1: Base on Balls
|
Batting: RHB Luis Díaz
|
0-0: Called Strike 0-1: Swinging Strike 0-2: Strikes out looking
|
Batting: RHB Jim Unknown
|
0-0: Foul Ball, location: 2F 0-1: Grounds into double play, 5-4-3 (Groundball, 56)
|
Top of the 7th over - 0 run(s), 0 hit(s), 0 error(s), 0 left on base; Bay City 7 - Athletic Club KC 2 |
BOTTOM OF THE 7TH |
Athletic Club KC Reserves batting - Pitching for Bay City Bombers : LHP Jim Unknown
|
Batting: RHB Allen Murphy
|
0-0: Ball 1-0: Foul Ball, location: 2F 1-1: SINGLE (Line Drive, 56)
|
Batting: RHB Javier Díaz
|
0-0: Fly out, F8 (Flyball, 8RD)
|
Batting: RHB Jason Dunn
|
0-0: Called Strike 0-1: Grounds into double play, 4-6-3 (Groundball, 4)
|
Bottom of the 7th over - 0 run(s), 1 hit(s), 0 error(s), 0 left on base; Bay City 7 - Athletic Club KC 2 |
TOP OF THE 8TH |
Bay City Bombers batting - Pitching for Athletic Club KC Reserves : RHP Carlos Fuentes
|
Batting: RHB Millard Watson
|
0-0: Ball 1-0: Ball 2-0: Foul Ball, location: 2F 2-1: Called Strike 2-2: Fly out, F9 (Flyball, 89M)
|
Batting: RHB Barry Martínez
|
0-0: Ball 1-0: Ball 2-0: Ball 3-0: Called Strike 3-1: Ground out 3-1 (Groundball, 34)
|
Pitching: RHP Rod Bakewell
|
|
Batting: RHB Aaron Phillips
|
0-0: SOLO HOME RUN (Flyball, 78D), Distance : 372 ft
|
Batting: LHB Jim Unknown
|
0-0: Called Strike 0-1: Ball 1-1: Ground out 2-3 (Groundball, 2R)
|
Top of the 8th over - 1 run(s), 1 hit(s), 0 error(s), 0 left on base; Bay City 8 - Athletic Club KC 2 |
BOTTOM OF THE 8TH |
Athletic Club KC Reserves batting - Pitching for Bay City Bombers : LHP Jim Unknown
|
Batting: RHB Bill Dennis
|
0-0: Ball 1-0: Called Strike 1-1: Ball 2-1: Ball 3-1: DOUBLE (Groundball, 5L)
|
Pitching: LHP Terry Dwyer
|
|
Batting: RHB Nick Simmons
|
0-0: Swinging Strike 0-1: 2-RUN HOME RUN (Flyball, 7LD), Distance : 323 ft
|
Batting: LHB Rafael García
|
0-0: Ball 1-0: Called Strike 1-1: Foul Ball, location: 2F 1-2: Ball 2-2: Ball 3-2: Foul Ball, location: 2F 3-2: Base on Balls
|
Batting: RHB Robert Hill
|
0-0: Ball 1-0: Ball 2-0: Foul Ball, location: 2F 2-1: Ball 3-1: Fly out, F3 (Popup, 3F)
|
Batting: RHB Eddie O'Bryan
|
0-0: Foul Ball, location: 2F 0-1: Ball 1-1: Called Strike 1-2: Foul Ball, location: 2F 1-2: Foul Ball, location: 2F 1-2: Ball 2-2: Foul Ball, location: 2F 2-2: Ball 3-2: SINGLE (Line Drive, 78S) Rafael García to second
|
Pitching: RHP Ricardo DePay
|
|
Batting: RHB Adam Hennessey
|
0-0: Ball 1-0: Ball 2-0: Foul Ball, location: 2F 2-1: Swinging Strike 2-2: Strikes out swinging
|
Batting: RHB Allen Murphy
|
0-0: Called Strike 0-1: Foul Ball, location: 2F 0-2: Foul Ball, location: 2F 0-2: Foul Ball, location: 2F 0-2: Strikes out looking
|
Bottom of the 8th over - 2 run(s), 3 hit(s), 0 error(s), 2 left on base; Bay City 8 - Athletic Club KC 4 |
TOP OF THE 9TH |
Bay City Bombers batting - Pitching for Athletic Club KC Reserves : RHP Rod Bakewell
|
Batting: LHB Bastyão Lizardo
|
0-0: Foul Ball, location: 2F 0-1: Ball 1-1: DOUBLE (Flyball, 89D)
|
Batting: LHB Mito Rin
|
0-0: Called Strike 0-1: Foul Ball, location: 2F 0-2: Foul Ball, location: 2F 0-2: SINGLE (Groundball, 3D) Bastyão Lizardo to third
|
Batting: LHB Jim Unknown
|
0-0: Called Strike 0-1: Ball 1-1: Foul Ball, location: 2F 1-2: Ball 2-2: Strikes out swinging
|
Batting: RHB Luis Díaz
|
0-0: Foul Ball, location: 2F 0-1: Foul Ball, location: 2F 0-2: Ball 1-2: Foul Ball, location: 2F 1-2: Ball 2-2: Ball 3-2: Foul Ball, location: 2F 3-2: Foul Ball, location: 2F 3-2: Base on Balls Mito Rin to second
|
Batting: RHB Jim Unknown
|
0-0: SINGLE (Line Drive, 4M) Bastyão Lizardo scores Mito Rin to third Luis Díaz to second
|
Batting: RHB Millard Watson
|
0-0: Fly out, F9 (Flyball, 9M) Runner from 3rd tags up, SCORES, throw made
|
Pitching: RHP Jeremy Gutiérrez
|
|
Batting: RHB Barry Martínez
|
0-0: Ball 1-0: Ball 2-0: Swinging Strike 2-1: Ball 3-1: Foul Ball, location: 2F 3-2: Ground out 5-3 (Groundball, 5)
|
Top of the 9th over - 2 run(s), 3 hit(s), 0 error(s), 2 left on base; Bay City 10 - Athletic Club KC 4 |
BOTTOM OF THE 9TH |
Athletic Club KC Reserves batting - Pitching for Bay City Bombers : RHP Ricardo DePay
|
Batting: RHB Javier Díaz
|
0-0: Ball 1-0: Foul Ball, location: 2F 1-1: Bunt for hit - play at first, batter OUT! 1-3
|
Batting: RHB Jason Dunn
|
0-0: Fly out, F6 (Popup, 6M)
|
Batting: RHB Bill Dennis
|
0-0: Ground out 4-3 (Groundball, 4)
|
Bottom of the 9th over - 0 run(s), 0 hit(s), 0 error(s), 0 left on base; Bay City 10 - Athletic Club KC 4 |
|